 Dungeon Sprint DCSS version 0.21-a0-251-g5e8393f (webtiles) character file.

11431 Kidiri the Eclecticist (level 11, -7/67 HPs)
             Began as a Deep Elf Fire Elementalist on Sept 5, 2017.
             Was the Champion of Vehumet.
             Mangled by a death cob (28 damage)
             ... in the Dungeon (Sprint VII: "The Pits").
             The game lasted 00:19:15 (3878 turns).

Kidiri the Eclecticist (Deep Elf Fire Elementalist) Turns: 3878, Time: 00:19:16

Health: -7/67      AC:  9    Str:  8    XL:     11   Next: 49%
Magic:  18/34      EV: 20    Int: 24    God:    Vehumet [******]
Gold:   0          SH:  3    Dex: 18    Spells: 6/44 levels left

rFire    . . .     SeeInvis .   j - +4 rapier (elec)
rCold    . . .     Gourm    .   (no shield)
rNeg     . . .     Faith    .   a - +0 robe
rPois    .         Spirit   .   (no helmet)
rElec    .         Reflect  +   r - +1 cloak {MR+}
rCorr    .         Harm     .   t - +1 pair of gloves
MR       ++...     NoTele   +   u - +1 pair of boots
Stlth    ++........             v - +3 amulet of reflection
HPRegen  0.21/turn              s - +3 ring of dexterity
MPRegen  0.24/turn              d - +3 ring of strength

@: slowed, very slow
A: no striking features
a: Renounce Religion


You were in the Dungeon.
You worshipped Vehumet.
Vehumet was exalted by your worship.
You were not hungry.

You visited 1 branch

Inventory:

Hand Weapons
 j - a +4 rapier of electrocution (weapon)
Armour
 a - a +0 robe (worn)
 r - a +1 cloak of magic resistance (worn)
 t - a +1 pair of gloves (worn)
 u - a +1 pair of boots (worn)
 x - a +0 shield
 E - the +1 chain mail "Iffiovak" {*Slow rPois Int+4 Dex+3}
   (You found it in the Dungeon)

   It affects your intelligence (+4).
   It affects your dexterity (+3).
   It protects you from poison.
   It may slow you when you take damage.
Jewellery
 d - a +3 ring of strength (right hand)
 s - a +3 ring of dexterity (left hand)
 v - a +3 amulet of reflection (around neck)
Scrolls
 l - 3 scrolls of remove curse
 m - 4 scrolls of amnesia
 n - a scroll of summoning
 w - a scroll of identify
 y - a scroll of magic mapping
 A - 3 scrolls of recharging
 B - a scroll of fog
 C - a scroll of fear
Potions
 e - 20 potions of heal wounds
 f - 3 potions of haste
 g - a potion of magic
 h - 3 potions of berserk rage
 i - a potion of might
 k - 2 potions of invisibility
 q - 6 potions of curing
 z - a potion of brilliance
 D - a potion of resistance
 F - a potion of agility
Books
 b - a book of Flames

   Spells                             Type                      Level
   a - Flame Tongue                   Conjuration/Fire             1
   b - Throw Flame                    Conjuration/Fire             2
   c - Conjure Flame                  Conjuration/Fire             3
   d - Inner Flame                    Hexes/Fire                   3
   e - Sticky Flame                   Conjuration/Fire             4
   f - Fireball                       Conjuration/Fire             5
Comestibles
 c - 8 bread rations
 o - 17 fruits
 p - 7 meat rations


   Skills:
 + Level 7.6 Fighting
 - Level 8.6 Short Blades
 + Level 7.6 Armour
 - Level 10.5 Dodging
 - Level 2.4 Stealth
 + Level 2.3 Shields
 * Level 17.0 Spellcasting
 + Level 10.8 Conjurations
 + Level 11.1 Fire Magic
 + Level 5.7 Ice Magic
 + Level 9.1 Earth Magic
 + Level 8.8 Poison Magic


You had 6 spell levels left.
You knew the following spells:

 Your Spells              Type           Power        Failure   Level  Hunger
a - Flame Tongue          Conj/Fire      #####        1%          1    None
b - Throw Flame           Conj/Fire      ######       1%          2    None
c - Conjure Flame         Conj/Fire      ######..     1%          3    None
d - Inner Flame           Hex/Fire       #####...     1%          3    None
e - Ignite Poison         Fire/Tmut/Pois ######..     1%          3    None
f - Sticky Flame          Conj/Fire      ######..     1%          4    None
g - Fireball              Conj/Fire      ######....   1%          5    None
h - Bolt of Cold          Conj/Ice       ######....   3%          6    ####...
i - Iron Shot             Conj/Erth      ######....   1%          6    ####...
j - Venom Bolt            Conj/Pois      ######....   1%          5    None


Dungeon Overview and Level Annotations

Branches:
Dungeon (1/1)

Altars:
Ashenzari
Cheibriados
Dithmenos
Elyvilon
Fedhas
Gozag
Hepliaklqana
Kikubaaqudgha
Makhleb
Nemelex Xobeh
Okawaru
Qazlal
Ru
Sif Muna
Trog
Uskayaw
Vehumet
Wu Jian
Xom
Yredelemnul
Zin
The Shining One
Beogh
Jiyva
Lugonu


Message History

You feel extremely nervous for a moment...
Pain shoots through your body!
Casting: Iron Shot
Confirm with . or Enter, or press ? or * to list all spells.
Aiming: Sticky Flame
Press: ? - help, Shift-Dir - straight line, f - death cob
Aim: a death cob The sticky flame hits the death cob.
The death cob appears unharmed.
The death cob is covered in liquid flames!
The death cob burns!
The death cob hits you. The death cob drains your vigour!
You feel yourself slow down. The death cob hits you!!
The death cob drains your vigour!
You feel as though you will be slow longer.
The death cob completely misses you.
The death cob burns! x2; The death cob misses you.
The death cob hits you!
* * * LOW HITPOINT WARNING * * *
Unknown command.
You feel much better.
The death cob burns!
The death cob barely misses you. The death cob hits you!
The death cob hits you!!
You die...

#++########
#..........
#..z.......
#.@######## #..#
#..# ###### #..#
.##..# #..# .##..#
#%.# .''..# #%.#
.''..##########..#
.##....).........#


You could see a death cob (burning).

Vanquished Creatures
  Josephine (D)
  A rakshasa (D)
  A sea snake (D)
  A swamp dragon (D)
  A deep troll (D)
  A flayed ghost (D)
  A lindwurm (D)
  A phantasmal warrior (D)
  An orc sorcerer (D)
  A spiny frog (D)
  A molten gargoyle (D)
  A komodo dragon (D)
  An ice devil (D)
  An efreet (D)
  A demonic crawler (D)
  A guardian mummy (D)
  A hornet (D)
  A tyrant leech (D)
  A bog body (D)
  A merfolk (D)
  A snapping turtle (D)
  A hippogriff (D)
  2 redbacks (D)
  A water elemental (D)
  A tarantella (D)
  A wyvern (D)
  4 wraiths (D)
  A ynoxinul (D)
  A hungry ghost (D)
  A basilisk (D)
  An acid dragon (D)
  2 floating eyes (D)
  A sky beast (D)
  3 centaurs (D)
  7 wolves (D)
  6 killer bees (D)
  2 jellies (D)
  A hound (D)
  A gnoll shaman (D)
  An orc priest (D)
  An iron imp (D)
  2 orc wizards (D)
  Crazy Yiuf (D)
  2 worker ants (D)
  A hell rat (D)
  4 gnolls (D)
  A river rat (D)
  A white imp (D)
  A leopard gecko (D)
  2 orcs (D)
  2 hobgoblins (D)
  2 jackals (D)
  3 quokkas (D)
  A ball python skeleton (D)
  A frilled lizard (D)
  A kobold (D)
85 creatures vanquished.

Notes
Turn   | Place    | Note
-------+----------+-------------------------------------------
     0 | D        | Kidiri the Deep Elf Fire Elementalist began the quest for the Orb.
     0 | D        | Reached XP level 1. HP: 10/10 MP: 6/6
    56 | D        | Found a bloodstained altar of Trog.
    56 | D        | Found a deep blue altar of Sif Muna.
    56 | D        | Found a viscous altar of Jiyva.
    56 | D        | Found a hazy altar of Hepliaklqana.
    56 | D        | Found an opulent altar of Gozag.
    57 | D        | Found a glowing golden altar of the Shining One.
    57 | D        | Found a glowing silver altar of Zin.
    57 | D        | Found a basalt altar of Yredelemnul.
    57 | D        | Found a shimmering altar of Xom.
    57 | D        | Found an ornate altar of the Wu Jian Council.
    57 | D        | Found a sacrificial altar of Ru.
    57 | D        | Found a stormy altar of Qazlal.
    57 | D        | Found an iron altar of Okawaru.
    57 | D        | Found a sparkling altar of Nemelex Xobeh.
    57 | D        | Found a burning altar of Makhleb.
    57 | D        | Found a blossoming altar of Fedhas.
    57 | D        | Found a white marble altar of Elyvilon.
    57 | D        | Found a shadowy altar of Dithmenos.
    57 | D        | Found a snail-covered altar of Cheibriados.
    59 | D        | Found a radiant altar of Vehumet.
    59 | D        | Found a corrupted altar of Lugonu.
    59 | D        | Found a roughly hewn altar of Beogh.
    60 | D        | Found a hide-covered altar of Uskayaw.
    60 | D        | Found an ancient bone altar of Kikubaaqudgha.
    60 | D        | Found a shattered altar of Ashenzari.
    67 | D        | Became a worshipper of Vehumet
   117 | D        | Noticed a worker ant
   117 | D        | Noticed a worker ant
   129 | D        | Killed a worker ant
   129 | D        | Reached * piety under Vehumet
   129 | D        | Offered knowledge of Shock by Vehumet.
   129 | D        | Reached skill level 6 in Spellcasting
   129 | D        | Reached XP level 2. HP: 10/15 MP: 3/11
   135 | D        | Reached skill level 7 in Spellcasting
   135 | D        | Reached skill level 5 in Fire Magic
   135 | D        | Reached XP level 3. HP: 3/19 MP: 1/13
   140 | D        | Learned a level 2 spell: Throw Flame
   144 | D        | Learned a level 3 spell: Conjure Flame
   148 | D        | Learned a level 3 spell: Inner Flame
   333 | D        | Reached ** piety under Vehumet
   333 | D        | Offered knowledge of Searing Ray by Vehumet.
   486 | D        | Noticed a hungry ghost
   504 | D        | Killed a hungry ghost
   504 | D        | Reached skill level 9 in Spellcasting
   504 | D        | Reached skill level 5 in Conjurations
   504 | D        | Reached XP level 4. HP: 26/26 MP: 13/17
   504 | D        | Reached XP level 5. HP: 30/30 MP: 13/18
   510 | D        | Learned a level 4 spell: Sticky Flame
   516 | D        | Learned a level 5 spell: Fireball
   591 | D        | Noticed Crazy Yiuf
   592 | D        | Noticed a floating eye
   601 | D        | Killed Crazy Yiuf
   601 | D        | Offered knowledge of Stone Arrow by Vehumet.
   601 | D        | Reached *** piety under Vehumet
   601 | D        | Reached skill level 5 in Dodging
   601 | D        | Reached XP level 6. HP: 36/36 MP: 11/20
   603 | D        | Reached **** piety under Vehumet
   603 | D        | Reached skill level 10 in Spellcasting
   608 | D        | Learned a level 3 spell: Stone Arrow
   612 | D        | Paralysed by a floating eye for 4 turns
   614 | D        | Killed a floating eye
   614 | D        | Offered knowledge of Ignite Poison by Vehumet.
   614 | D        | Reached skill level 1 in Earth Magic
   654 | D        | Learned a level 3 spell: Ignite Poison
   670 | D        | Offered knowledge of Lightning Bolt by Vehumet.
   680 | D        | Reached XP level 7. HP: 31/41 MP: 21/23
   753 | D        | Reached ***** piety under Vehumet
   758 | D        | Reached skill level 11 in Spellcasting
   758 | D        | Reached skill level 1 in Poison Magic
   984 | D        | Noticed a ynoxinul
   984 | D        | Noticed a redback
   988 | D        | Offered knowledge of Venom Bolt by Vehumet.
   988 | D        | Reached skill level 5 in Short Blades
   988 | D        | Killed a redback
   996 | D        | Killed a ynoxinul
   996 | D        | Reached skill level 12 in Spellcasting
   996 | D        | Reached XP level 8. HP: 20/48 MP: 18/26
  1060 | D        | Learned a level 5 spell: Venom Bolt
  1174 | D        | Noticed a bog body
  1176 | D        | Noticed a hippogriff
  1177 | D        | Killed a hippogriff
  1179 | D        | Killed a bog body
  1293 | D        | Noticed an ice devil
  1293 | D        | Noticed a snapping turtle
  1293 | D        | Noticed a hornet
  1301 | D        | Killed a hornet
  1301 | D        | Reached skill level 5 in Fighting
  1301 | D        | Reached skill level 5 in Armour
  1302 | D        | Reached skill level 13 in Spellcasting
  1302 | D        | Offered knowledge of Bolt of Draining by Vehumet.
  1302 | D        | Reached skill level 5 in Earth Magic
  1302 | D        | Reached ****** piety under Vehumet
  1303 | D        | Killed a snapping turtle
  1303 | D        | Reached XP level 9. HP: 54/54 MP: 11/28
  1303 | D        | Killed an ice devil
  1303 | D        | Reached skill level 5 in Poison Magic
  1448 | D        | Noticed a tyrant leech
  1451 | D        | Noticed a flayed ghost
  1482 | D        | Noticed a merfolk
  1482 | D        | Noticed a phantasmal warrior
  1484 | D        | Noticed a komodo dragon
  1491 | D        | Offered knowledge of Ozocubu's Refrigeration by Vehumet.
  1492 | D        | Killed a phantasmal warrior
  1492 | D        | Reached skill level 14 in Spellcasting
  1492 | D        | Killed a merfolk
  1509 | D        | Killed a komodo dragon
  1648 | D        | Offered knowledge of Bolt of Cold by Vehumet.
  1657 | D        | Learned a level 6 spell: Bolt of Cold
  1711 | D        | Noticed an efreet
  1718 | D        | Reached XP level 10. HP: 60/60 MP: 17/30
  1719 | D        | Reached skill level 1 in Ice Magic
  1835 | D        | Killed a flayed ghost
  1988 | D        | Reached skill level 15 in Spellcasting
  1995 | D        | Reached skill level 10 in Fire Magic
  2072 | D        | Offered knowledge of Iron Shot by Vehumet.
  2106 | D        | Learned a level 6 spell: Iron Shot
  2404 | D        | Noticed a sea snake
  2413 | D        | Noticed a deep troll
  2439 | D        | HP: 3/61 [poisoned by a sea snake]
  2445 | D        | HP: 2/61 [poisoned by a sea snake]
  2453 | D        | HP: 2/61 [poisoned by a sea snake]
  2780 | D        | Killed a sea snake
  2973 | D        | Killed a deep troll
  2973 | D        | Reached skill level 10 in Dodging
  3068 | D        | Noticed an orc sorcerer
  3070 | D        | Noticed a molten gargoyle
  3071 | D        | Noticed an orange demon
  3072 | D        | Noticed a rakshasa
  3073 | D        | Offered knowledge of Bolt of Fire by Vehumet.
  3073 | D        | Reached skill level 10 in Conjurations
  3075 | D        | Killed an orc sorcerer
  3084 | D        | Killed a rakshasa
  3084 | D        | Reached skill level 16 in Spellcasting
  3084 | D        | Reached XP level 11. HP: 29/67 MP: 19/33
  3210 | D        | Noticed a lindwurm
  3215 | D        | Killed a lindwurm
  3302 | D        | Got the cursed +1 chain mail "Iffiovak" {*Slow rPois Int+4 Dex+3}
  3309 | D        | Identified Sif Muna's Reference Book on Unholy Rites and Attacks (You found it in the Dungeon)
  3554 | D        | Noticed Josephine
  3557 | D        | Killed Josephine
  3557 | D        | Offered knowledge of Freezing Cloud by Vehumet.
  3557 | D        | Reached skill level 1 in Shields
  3557 | D        | Reached skill level 5 in Ice Magic
  3663 | D        | Noticed a swamp dragon
  3668 | D        | Killed a swamp dragon
  3668 | D        | Reached skill level 17 in Spellcasting
  3874 | D        | Noticed a death cob
  3878 | D        | Mangled by a death cob

Vault maps used:
D:        pitsprint

Skill      XL: |  1  2  3  4  5  6  7  8  9 10 11 |
---------------+----------------------------------+-----
Spellcasting   | 6 7 9 10 12 13 14 16 17 | 17.0
Conjurations   | 3 5 6 7 8 9 10 | 10.8
Fire Magic     | 4 5 6 7 8 9 10 11 | 11.1
Fighting       | 2 3 4 5 6 7 |  7.6
Short Blades   | 2 3 4 5 6 7 8 |  8.6
Armour         | 2 3 4 5 6 7 |  7.6
Dodging        | 4 5 6 7 8 9 10 | 10.5
Earth Magic    | 2 3 5 6 8 9 |  9.1
Poison Magic   | 3 4 6 7 8 |  8.8
Ice Magic      | 4 5 |  5.7
Shields        | 2 |  2.3
Stealth        | |  2.4

Action                   |  1- 3 |  4- 6 |  7- 9 | 10-12 || total
-------------------------+-------+-------+-------+-------++-------
Melee: Dagger            |     7 |     3 |     2 |       ||    12
       Rapier            |       |       |    12 |    14 ||    26
 Cast: Flame Tongue      |    32 |    10 |    18 |     7 ||    67
       Conjure Flame     |     1 |     1 |     2 |     5 ||     9
       Inner Flame       |       |     2 |     4 |     2 ||     8
       Throw Flame       |       |     1 |       |       ||     1
       Fireball          |       |       |     9 |    10 ||    19
       Sticky Flame      |       |       |     6 |    10 ||    16
       Stone Arrow       |       |       |     2 |       ||     2
       Venom Bolt        |       |       |     5 |     8 ||    13
       Iron Shot         |       |       |       |    17 ||    17
       Bolt of Cold      |       |       |       |    14 ||    14
  Use: Potion            |     2 |       |     1 |     7 ||    10
       Scroll            |       |       |       |     7 ||     7
 Stab: Sleeping          |     1 |     2 |       |       ||     3
  Eat: Fruit             |       |       |    11 |    12 ||    23
Armor: Robe              |     3 |       |     2 |    10 ||    15
Dodge: Dodged            |    17 |     3 |    28 |    60 ||   108

Table legend:
 A = Spawn XP
 B = Non-spawn XP
 C = Spawn XP percentage of total XP
 D = Spawn monster count
 E = Non-spawn monster count
 F = Spawn count percentage of total count
 G = Total turns spent on level
                    A         B        C        D         E        F      G
               +---------+---------+-------+---------+---------+-------+---------
         Total |       0 |   16330 |   0.0 |       0 |      85 |   0.0 |  3878
               +---------+---------+-------+---------+---------+-------+---------
             D |       0 |   16330 |   0.0 |       0 |      85 |   0.0 |  3878
               +---------+---------+-------+---------+---------+-------+---------
